AoeStats
← FoldedAunt23528

Arabian Desert

510000805Analyzed
1v1 RM · 3d ago on Sep 29, 2026· 41m 11s· 2 players
Game mode
Random Map
Map size
Tiny (2 player)
Population
200
Speed
Normal
Resources
Standard
Victory
Conquest
Starting age
Dark Age
Ending age
Imperial Age
RankedLock teamsTeams togetherTeam positionsShared explorationLock speedFull tech treeHidden civsTurbo modeCheats
Victory
Defeat
🇺🇸 Vikings · United States
1213
+14
🇯🇵 Saracens · Japan
1168
-14
FoldedAunt23528
6:23 Loom
9:43 Feudal Age
10:13 Double-Bit Axe
13:01 Fletching
15:51 Gold Mining
16:20 Padded Archer Armor
16:30 Town Watch
20:01 Horse Collar
23:24 Castle Age
22:03 Scale Barding Armor
23:02 Bloodlines
23:20 Forging
24:48 Bow Saw
25:40 Heavy Plow
26:48 Stone Mining
27:40 Husbandry
28:45 Wheelbarrow
29:05 Crossbowman
32:43 Gold Shaft Mining
35:02 Imperial Age
32:50 Bodkin Arrow
33:41 Chain Barding Armor
34:26 Thumb Ring
35:48 Iron Casting
37:01 Plate Barding Armor
35:59 Heavy Camel Rider
36:23 Arbalester
Fiore del parmigiano
8:01 Loom
10:52 Feudal Age
11:52 Double-Bit Axe
14:38 Padded Archer Armor
14:32 Fletching
15:48 Horse Collar
23:21 Castle Age
23:35 Elite Skirmisher
25:00 Bow Saw
31:27 Imperial Age
29:25 Crossbowman
30:46 Bodkin Arrow
31:25 Leather Archer Armor
33:13 Bracer
33:55 Arbalester
35:08 Ring Archer Armor
38:01 Bogsveigar
Connection lost

Rejoining the realm…

Still unreachable

The connection could not be restored.

Session expired

The server has moved on; the page needs a fresh start.